 Dungeon Crawl Stone Soup version 0.26-a0-278-g3b0d5afba5 (webtiles) character file.

Game seed: 12705130833678138136

31 BritishOli the Skirmisher (level 3, 15/29 HPs)
             Began as a Demonspawn Fighter on July 12, 2020.
             Quit the game on level 2 of the Dungeon.
             The game lasted 00:00:39 (1407 turns).

BritishOli the Skirmisher (Demonspawn Fighter)      Turns: 1407, Time: 00:00:39

Health: 15/29      AC:  8    Str: 17    XL:     3   Next: 7%
Magic:  3/3        EV:  7    Int:  9    God:
Gold:   52         SH:  9    Dex: 12    Spells: 2/2 levels left

rFire    . . .     SeeInvis .   a - +0 long sword
rCold    . . .     Faith    .   c - +0 kite shield
rNeg     . . .     Spirit   .   b - +0 scale mail
rPois    .         Reflect  .   (no helmet)
rElec    .         Harm     .   (no cloak)
rCorr    .                      (no gloves)
MR       .....                  (no boots)
Stlth    ..........             (no amulet)
HPRegen  0.09/turn              (no ring)
MPRegen  0.08/turn              (no ring)

@: no status effects
A: molten scales 1, powered by pain 1
a: no special abilities


You were on level 2 of the Dungeon.
You visited 1 branch of the dungeon, and saw 2 of its levels.

You collected 52 gold pieces.

Inventory:

Hand Weapons
 a - a +0 long sword (weapon)
Armour
 b - a +0 scale mail (worn)
 c - a +0 kite shield (worn)
Scrolls
 e - a scroll of remove curse {unknown}
 f - 2 scrolls of identify {unknown}
 i - a scroll of noise {unknown}
 j - 2 scrolls of teleportation {unknown}
 k - a scroll of fear {unknown}
Potions
 d - a potion of might
 g - a potion of degeneration {unknown}
 h - a potion of brilliance {unknown}
 l - a potion of magic {unknown}
 m - a potion of curing {unknown}


   Skills:
 + Level 3.3 Fighting
 + Level 2.2 Long Blades
 + Level 3.0 Armour
 + Level 3.0 Shields


You had 2 spell levels left.
You didn't know any spells.
Your spell library was empty.

Dungeon Overview and Level Annotations

Branches:
Dungeon (2/15)

Altars:


Innate Abilities, Weirdness & Mutations

You are partially covered in molten scales. (AC +2)
You sometimes gain a little power by taking damage.


Message History

Found a stone staircase leading down.
The worm bites you.
Found 2 sapphire potions.
A worm is nearby!
You hit the worm.
The worm is moderately wounded.
You block the worm's attack.
A worm is nearby!
You hit the worm but do no damage.
The worm is moderately wounded.
A worm is nearby!
You slash the worm!
The worm is severely wounded.
The worm barely misses you.
A worm is nearby!
You hit the worm.
The worm is almost dead.
The worm bites you!
A worm is nearby!
Are you sure you want to abandon this character and quit the game? (Confirm with "yes".)

... ..# #.. #### #.#
#....... #.# #.####.#
##+ #.# #.# #.# #..> #.#
#.# #[# ..... #.# #.#
#.# ......#w# #.## #.#
...<...@#########..###.#
........................
!......###......######..
......# #.#.#### ###
.....# #.### #...# ... #
##+# .#.## ## #.#.# ##.
# #.. #.#


You could see a worm.

Vanquished Creatures
  A worm (D:2)
  2 dart slugs
  2 leopard geckos (D:1)
  2 bats
  2 giant cockroaches
  3 goblins (D:1)
  2 hobgoblins (D:1)
  3 frilled lizards (D:1)
  3 kobolds
  3 rats (D:1)
23 creatures vanquished.

Notes
Turn   | Place    | Note
-------+----------+-------------------------------------------
     0 | D:1      | BritishOli the Demonspawn Fighter began the quest for the
                  | Orb.
     0 | D:1      | Reached XP level 1. HP: 18/18 MP: 1/1
   311 | D:1      | Gained mutation: You sometimes gain a little power by
                  | taking damage. [demonic ancestry]
   311 | D:1      | Reached XP level 2. HP: 24/24 MP: 2/2
  1253 | D:2      | Gained mutation: You are partially covered in molten
                  | scales. (AC +2) [demonic ancestry]
  1253 | D:2      | Reached XP level 3. HP: 29/29 MP: 3/3
  1407 | D:2      | Quit the game

Illustrated notes

Levels and vault maps discovered:
D:1:      arrival_zaba_pyramid, layout_rooms, minmay_strange_pillars,
          chequers_serial_rivers_large_a, minmay_misc_feat_tower, st_stairs_12,
          bh_walls_and_bars
D:2:      layout_loops_corners, minitemple, minivault_27

Skill      XL: |  1  2 |
---------------+-------+-----
Long Blades    | 2 |  2.2
Armour         | 3 |  3.0
Shields        | 3 |  3.0
Fighting       | |  3.3

Action                   || total
-------------------------++-------
Melee: Long sword        ||    85
Armor: Scale mail        ||    30
Dodge: Dodged            ||    24
Block: Kite shield       ||    40
       Rpst.: Long sword ||    10

Table legend:
 A = Non-vault XP
 B = Vault XP
 C = Vault XP percentage of total XP
 D = Non-vault monster count
 E = Vault monster count
 F = Vault count percentage of total count
                 A         B        C        D         E       F
            +---------+---------+-------+---------+---------+-------
      Total |      45 |       0 |   0.0 |      23 |       0 |   0.0
            +---------+---------+-------+---------+---------+-------
        D:1 |      31 |       0 |   0.0 |      18 |       0 |   0.0
        D:2 |      14 |       0 |   0.0 |       5 |       0 |   0.0
            +---------+---------+-------+---------+---------+-------
